 Dungeon Sprint DCSS version 0.26-a0-1164-g1a551d6a14 (webtiles) character file.

Game seed: 4055421601772882064

2200000 sahdkjhfkaj the Eclecticist (level 20, -49/162 HPs)
             Began as a Mummy Berserker on Dec 23, 2020.
             Was a High Priest of Makhleb.
             Annihilated by a meat berserker
             ... wielding a +9 battleaxe
              (58 damage)
             ... in the Dungeon (Sprint VIII: "Arena of Blood").
             The game lasted 00:00:54 (22 turns).

sahdkjhfkaj the Eclecticist (Mummy Berserker)         Turns: 22, Time: 00:00:55

Health: -49/162    AC:  3    Str: 21    XL:     20   Next: 68%
Magic:  5/41       EV: 22    Int:  8    God:    Makhleb [*****.]
Gold:   0          SH:  0    Dex: 18    Spells: 53/53 levels left

rFire    x . .     SeeInvis .   c - +∞ Axe of Woe
rCold    + . .     Faith    .   (shield currently unavailable)
rNeg     + + +     Spirit   .   a - +0 animal skin
rPois    ∞         Reflect  .   (no helmet)
rElec    .         Harm     .   (no cloak)
rCorr    .         Rampage  .   (no gloves)
Will     ++...     NoTele   +   (no boots)
Stlth    ++++++....             (no amulet)
HPRegen  0.37/turn              (no ring)
MPRegen  0.27/turn              (no ring)

@: no status effects
A: no potions, fire vulnerability, cold resistance 1, negative energy resistance
3, torment resistance, unbreathing, in touch with death 1
a: Renounce Religion, Minor Destruction, Lesser Servant of Makhleb, Major
Destruction, Greater Servant of Makhleb


You were in the Dungeon.
You worshipped Makhleb.
Makhleb was extremely pleased with you.
You visited 1 branch

Inventory:

Hand Weapons
 c - the +∞ Axe of Woe (weapon)
   (You found it in the Dungeon)
Armour
 a - a +0 animal skin (worn)
Scrolls
 b - a scroll of blinking


   Skills:
 + Level 15.2 Fighting
 + Level 13.0(15.0) Short Blades
 + Level 12.9(14.9) Long Blades
 + Level 12.9(16.6) Axes
 + Level 13.0(16.6) Maces & Flails
 + Level 12.9(16.5) Polearms
 + Level 12.8(16.6) Staves
 + Level 12.8(14.9) Slings
 + Level 12.9 Bows
 + Level 12.9 Crossbows
 + Level 13.0(15.0) Throwing
 + Level 13.0 Armour
 + Level 12.9 Dodging
 + Level 13.8 Stealth
 + Level 13.0 Shields
 + Level 13.1 Unarmed Combat
 + Level 17.3 Spellcasting
 + Level 13.0 Conjurations
 + Level 13.8 Hexes
 + Level 13.1 Summonings
 + Level 14.9 Necromancy
 + Level 12.8 Translocations
 + Level 12.9 Transmutations
 + Level 12.9 Fire Magic
 + Level 13.0 Ice Magic
 + Level 12.9 Air Magic
 + Level 12.9 Earth Magic
 + Level 12.9 Poison Magic
 + Level 13.9 Invocations
 + Level 13.0 Evocations


You had 53 spell levels left.
You didn't know any spells.
Your spell library was empty.

Dungeon Overview and Level Annotations

Branches:
Dungeon (1/1)

Altars:
Makhleb


Innate Abilities, Weirdness & Mutations

You do not drink.
Your flesh is vulnerable to fire.
You are immune to poison.
Your flesh is cold resistant. (rC+)
You are immune to negative energy. (rN+++)
You are immune to unholy pain and torment.
You can survive without breathing.
You are in touch with the powers of death.


Message History

Unknown command.
Unknown command.
Unknown command.
Unknown command.
Unknown command.
A bag of meat comes into view. It is wielding a +9 war axe.
The large bag of meat appears out of thin air!
A large bag of meat comes into view. It is wielding a +9 giant spiked club.
The bag of meat shouts!
You hear a shout! x2
The meat berserker hits you with a +9 battleaxe!!!
You hear a shout! x4
A bag of meat comes into view. It is wielding a +9 war axe.
A destroyer comes into view. It is wielding a +9 vorpal great sword.
You hear a shout! x2
The meat berserker rages.
The meat berserker hits you with a +9 battleaxe!!!
* * * LOW HITPOINT WARNING * * *
You hear a shout!
The meat berserker hits you with a +9 battleaxe!!!
You die...

......... .......
......V.. .o.......
#.......# .o.......
#.......# ....o....
.###......o###.O...OoV
......###..).)........
......_.).)o)ooo.....
.#...))#.)oOO..#.#.
#_.<._#...@.......
#...).#....O.#.#.#
......_............
......###.O.......#O#
.###.. ....###....ooo.
#.......# ......... #.
.....# ........o ..
..... .........


You could see a destroyer, a large bag of meat (wandering, inner flame), 6 meat
berserkers and 14 bags of meat.

Vanquished Creatures
  8 ogres (D)
  13 orcs (D)
21 creatures vanquished.

Notes
Turn   | Place    | Note
-------+----------+-------------------------------------------
     0 | D        | Found the +∞ Axe of Woe
     0 | D        | sahdkjhfkaj the Mummy Berserker began the quest for the
                  | Orb.
     0 | D        | Reached XP level 1. HP: 18/18 MP: 1/1
     1 | D        | Noticed a bag of meat
     3 | D        | Noticed a bag of meat
     4 | D        | Fell from the grace of Trog
     4 | D        | Became a worshipper of Makhleb the Destroyer
     4 | D        | Noticed a bag of meat
     5 | D        | Noticed a meat berserker
     6 | D        | Noticed a bag of meat
     6 | D        | Noticed a bag of meat
     7 | D        | Killed a bag of meat
     8 | D        | Reached skill level 5 in Short Blades
     8 | D        | Reached skill level 5 in Unarmed Combat
     8 | D        | Reached skill level 6 in Spellcasting
     8 | D        | Reached skill level 5 in Necromancy
     8 | D        | Reached XP level 2. HP: 28/28 MP: 1/9
     8 | D        | Reached XP level 3. HP: 34/34 MP: 1/10
     8 | D        | Reached XP level 4. HP: 40/40 MP: 1/12
     8 | D        | Reached XP level 5. HP: 46/46 MP: 1/13
     8 | D        | Reached XP level 6. HP: 52/52 MP: 1/15
     8 | D        | Reached XP level 7. HP: 58/58 MP: 1/16
     8 | D        | Reached XP level 8. HP: 64/64 MP: 1/17
     8 | D        | Reached XP level 9. HP: 69/69 MP: 1/18
     8 | D        | Reached XP level 10. HP: 76/76 MP: 1/19
     8 | D        | Reached XP level 11. HP: 81/81 MP: 1/20
     8 | D        | Killed a meat berserker
     8 | D        | Reached * piety under Makhleb
     9 | D        | Reached skill level 5 in Long Blades
     9 | D        | Reached skill level 5 in Axes
     9 | D        | Reached skill level 5 in Polearms
     9 | D        | Reached skill level 5 in Staves
     9 | D        | Reached skill level 5 in Slings
     9 | D        | Reached skill level 5 in Crossbows
     9 | D        | Reached skill level 8 in Spellcasting
     9 | D        | Reached skill level 5 in Translocations
     9 | D        | Reached skill level 5 in Transmutations
     9 | D        | Reached skill level 5 in Fire Magic
     9 | D        | Reached skill level 5 in Air Magic
     9 | D        | Reached skill level 5 in Earth Magic
     9 | D        | Reached skill level 5 in Poison Magic
     9 | D        | Reached XP level 12. HP: 92/92 MP: 1/24
     9 | D        | Gained mutation: You are in touch with the powers of death.
                  | [Mummy growth]
     9 | D        | Reached XP level 13. HP: 98/98 MP: 1/25
     9 | D        | Killed a bag of meat
    10 | D        | Reached skill level 9 in Spellcasting
    10 | D        | Reached XP level 14. HP: 106/106 MP: 1/27
    10 | D        | Killed a bag of meat
    10 | D        | Killed a bag of meat
    10 | D        | Reached ** piety under Makhleb
    11 | D        | Reached skill level 10 in Spellcasting
    11 | D        | Reached XP level 15. HP: 113/113 MP: 1/29
    12 | D        | Noticed a meat berserker
    14 | D        | Noticed a meat berserker
    14 | D        | Noticed a meat berserker
    14 | D        | Noticed a meat berserker
    14 | D        | Noticed a meat berserker
    15 | D        | Noticed a meat berserker
    15 | D        | Noticed a meat berserker
    17 | D        | Killed a meat berserker
    17 | D        | Reached *** piety under Makhleb
    18 | D        | Reached skill level 10 in Fighting
    18 | D        | Reached skill level 11 in Spellcasting
    18 | D        | Reached skill level 10 in Necromancy
    18 | D        | Reached XP level 16. HP: 43/124 MP: 3/31
    18 | D        | Killed a meat berserker
    18 | D        | Killed a meat berserker
    18 | D        | Killed a meat berserker
    18 | D        | Reached **** piety under Makhleb
    18 | D        | Killed a meat berserker
    18 | D        | Noticed a meat berserker
    19 | D        | Reached skill level 10 in Short Blades
    19 | D        | Reached skill level 10 in Long Blades
    19 | D        | Reached skill level 10 in Axes
    19 | D        | Reached skill level 10 in Polearms
    19 | D        | Reached skill level 10 in Staves
    19 | D        | Reached skill level 10 in Slings
    19 | D        | Reached skill level 10 in Bows
    19 | D        | Reached skill level 10 in Crossbows
    19 | D        | Reached skill level 10 in Throwing
    19 | D        | Reached skill level 10 in Armour
    19 | D        | Reached skill level 10 in Dodging
    19 | D        | Reached skill level 10 in Shields
    19 | D        | Reached skill level 14 in Spellcasting
    19 | D        | Reached skill level 10 in Conjurations
    19 | D        | Reached skill level 10 in Translocations
    19 | D        | Reached skill level 10 in Transmutations
    19 | D        | Reached skill level 10 in Fire Magic
    19 | D        | Reached skill level 10 in Ice Magic
    19 | D        | Reached skill level 10 in Air Magic
    19 | D        | Reached skill level 10 in Earth Magic
    19 | D        | Reached skill level 10 in Poison Magic
    19 | D        | Reached skill level 10 in Evocations
    19 | D        | Reached XP level 17. HP: 101/135 MP: 3/35
    19 | D        | Reached XP level 18. HP: 106/142 MP: 3/36
    19 | D        | Noticed a meat berserker
    19 | D        | Killed a meat berserker
    19 | D        | Killed a meat berserker
    19 | D        | Reached ***** piety under Makhleb
    19 | D        | Noticed a meat berserker
    20 | D        | Reached skill level 15 in Spellcasting
    20 | D        | Reached XP level 19. HP: 128/152 MP: 4/38
    20 | D        | Noticed a meat berserker
    20 | D        | Noticed a destroyer
    20 | D        | Noticed a meat berserker
    21 | D        | Noticed a meat berserker
    22 | D        | Reached skill level 15 in Fighting
    22 | D        | Reached skill level 17 in Spellcasting
    22 | D        | Reached XP level 20. HP: 120/162 MP: 4/41
    22 | D        | Noticed a destroyer
    22 | D        | Annihilated by a meat berserker

Illustrated notes

Levels and vault maps discovered:
D:        meatsprint

Skill      XL: |  1  2  3  4  5  6  7  8  9 10 11 12 13 14 15 16 17 18 19 |
---------------+----------------------------------------------------------+-----
Fighting       | 6 7 8 9 10 12 14 15 | 15.2
Short Blades   | 5 6 7 9 10 12 13 | 13.0
Long Blades    | 4 5 6 7 8 10 11 12 | 12.9
Axes           | 4 5 6 7 8 10 11 12 | 12.9
Maces & Flails | 4 6 7 8 11 12 13 | 13.0
Polearms       | 4 5 6 7 8 10 11 12 | 12.9
Staves         | 4 5 6 7 8 10 11 12 | 12.8
Slings         | 4 5 6 7 8 10 11 12 | 12.8
Bows           | 4 6 7 8 10 11 12 | 12.9
Crossbows      | 4 5 6 7 8 10 11 12 | 12.9
Throwing       | 4 6 7 8 10 11 13 | 13.0
Armour         | 4 6 7 8 10 11 13 | 13.0
Dodging        | 4 6 7 8 10 11 12 | 12.9
Stealth        | 4 6 7 9 11 12 13 | 13.8
Shields        | 4 6 7 8 10 11 13 | 13.0
Unarmed Combat | 5 6 7 9 11 12 13 | 13.1
Spellcasting   | 6 8 9 10 11 14 15 17 | 17.3
Conjurations   | 4 6 7 8 10 11 13 | 13.0
Hexes          | 4 6 7 9 11 12 13 | 13.8
Summonings     | 4 6 7 8 11 12 13 | 13.1
Necromancy     | 5 6 7 8 10 12 13 14 | 14.9
Translocations | 4 5 6 7 8 10 11 12 | 12.8
Transmutations | 4 5 6 7 8 10 11 12 | 12.9
Fire Magic     | 4 5 6 7 8 10 11 12 | 12.9
Ice Magic      | 4 6 7 8 10 11 13 | 13.0
Air Magic      | 4 5 6 7 8 10 11 12 | 12.9
Earth Magic    | 4 5 6 7 8 10 11 12 | 12.9
Poison Magic   | 4 5 6 7 8 10 11 12 | 12.9
Invocations    | 4 6 7 8 9 11 12 13 | 13.9
Evocations     | 4 6 7 8 10 12 13 | 13.0

Action                   |  1- 3 |  4- 6 |  7- 9 | 10-12 | 13-15 | 16-18 | 19-21 || total
-------------------------+-------+-------+-------+-------+-------+-------+-------++-------
Melee: Executioner's axe |     1 |       |       |     1 |     4 |     2 |     1 ||     9
Dodge: Dodged            |       |       |       |       |     1 |       |     2 ||     3

Table legend: (Time is in decaauts)
 A = Elapsed time spent in this place.
 B = Non-inter-level travel time spent in this place.
 C = Inter-level travel time spent in this place.
 D = Time resting spent in this place.
 E = Time spent auto-exploring this place.
 F = Levels seen in this place.
 G = Mean time per level.
                   A        B        C        D        E       F      G
               +--------+--------+--------+--------+--------+-----+--------+
         Total |     26 |     26 |      0 |      0 |      0 |   1 |   26.0 |
       Dungeon |     26 |     26 |      0 |      0 |      0 |   1 |   26.0 |
               +--------+--------+--------+--------+--------+-----+--------+

Top non-repeatable levels by time:
       D: 26 daAuts
